 Dungeon Crawl Stone Soup version 0.18.1-2-ga659475 (webtiles) character file.

2070 Scarto the Blocker (level 9, -5/78 HPs)
             Began as a Minotaur Fighter on May 8, 2016.
             Slain by an ogre
             ... wielding a +0 giant spiked club
              (14 damage)
             ... on level 7 of the Dungeon.
             The game lasted 00:10:37 (5263 turns).

Scarto the Blocker (Minotaur Fighter)               Turns: 5263, Time: 00:10:40

Health: -5/78      AC: 16    Str: 26 (28) XL:     9   Next: 5%
Magic:  8/8        EV:  7    Int:  4 (5)  God:
Gold:   380        SH: 12    Dex:  9      Spells: 0 memorised, 8 levels left

rFire  . . .     SeeInvis .     a - +0 trident
rCold  . . .     Gourm    .     g - +0 plate armour
rNeg   . . .     Faith    .     c - +0 shield
rPois  +         Spirit   .     (helmet restricted)
rElec  .         Dismiss  .     (no cloak)
rCorr  +         Reflect  .     (no gloves)
SustAt .         Harm     .     x - +2 pair of boots
MR     .....                    (no amulet)
Stlth  ..........               u - ring of resist corrosion
                                j - ring of poison resistance

@: mighty, lethally poisoned (-5 -> -5), not resistant to hostile enchantments,
extremely unstealthy
A: retaliatory headbutt, horns 2, clumsy 1
a: no special abilities


You were on level 7 of the Dungeon.
You were not hungry.

You visited 1 branch of the dungeon, and saw 7 of its levels.
You also visited: Ossuary.

You collected 380 gold pieces.

Inventory:

Hand Weapons
 a - a +0 trident (weapon)
Armour
 c - a +0 shield (worn)
 g - a +0 plate armour (worn)
 x - a +2 pair of boots (worn)
Jewellery
 j - a ring of poison resistance (left hand)
 p - an uncursed ring of protection from cold
 u - a ring of resist corrosion (right hand)
Wands
 y - a wand of flame (23/48)
Scrolls
 h - 4 scrolls of identify
 l - a scroll of blinking
 n - a scroll of remove curse
 s - 5 scrolls of teleportation
 t - 2 scrolls of amnesia
Potions
 d - 2 potions of lignification
 e - a potion of brilliance
 i - 2 potions of ambrosia
 q - a potion of agility
 r - 2 potions of haste
 v - 3 potions of flight
Comestibles
 b - a bread ration
 m - a fruit
 z - 2 beef jerkies
 A - 2 meat rations
 E - a slice of pizza


   Skills:
 + Level 6.7 Fighting
 + Level 6.9 Polearms
 + Level 7.7 Armour
 + Level 2.2 Dodging
 + Level 0.1 Stealth
 + Level 9.3 Shields


You had 8 spell levels left.
You didn't know any spells.

Dungeon Overview and Level Annotations

Branches:
Dungeon (7/15)             Temple (0/1) D:5

Altars:
Ashenzari
Cheibriados
Gozag
Nemelex Xobeh
Pakellas
Qazlal
Zin

Shops:
D:6 %


Innate Abilities, Weirdness & Mutations

You reflexively headbutt those who attack you in melee.
You have a pair of horns on your head.
You are clumsy. (Dex -2)


Message History

The orc warrior is severely wounded.
You block the orc warrior's attack. The ogre hits you but does no damage.
The giant gecko bites you.
* * * LOW HITPOINT WARNING * * *
You closely miss the orc warrior. You headbutt the orc warrior!
The orc warrior is almost dead.
The giant gecko barely misses you. You block the orc warrior's attack.
The ogre hits you with a giant spiked club!
* * * LOW HITPOINT WARNING * * *
You hit the orc warrior.
You kill the orc warrior!
You feel your strength returning.
You feel sick. You block the giant gecko's attack.
You impale the black bear!!
The black bear is severely wounded.
You block the giant gecko's attack. The black bear barely misses you.
The black bear claws you but does no damage.
You block the black bear's attack.
The ogre hits you with a giant spiked club!
You die...

... . #... ..
#.... ...
#$... ....
##...### ....
####.......
#..#........#
+...<...###.#
##.#...@l...#
#.....hO#.?$..
......###Z#
###. .......
.# .##.... .$
#.... ###
#....#


You could see a black bear, an ogre, a giant gecko zombie and a giant gecko.

Vanquished Creatures
  Pikel (D:5)
  A hungry ghost (D:6)
  An orc warrior (D:7)
  2 slaves (D:5)
  A sky beast (D:5)
  2 centaurs
  An ogre (D:6)
  2 giant frogs (D:7)
  5 water moccasin zombies (Ossuary)
  A howler monkey (D:6)
  2 crimson imps
  2 orc wizards (D:3)
  An orc priest (D:3)
  2 hounds
  A centaur skeleton (D:4)
  Natasha (D:4)
  3 big kobold zombies (Ossuary)
  2 mummies (Ossuary)
  3 worker ant zombies
  3 gnolls (D:5)
  10 adders
  2 shadow imps (D:6)
  An adder skeleton (D:4)
  5 adder zombies
  A dart slug (D:2)
  A giant gecko (D:4)
  10 orcs
  A gnoll zombie (Ossuary)
  5 goblins
  4 hobgoblins
  A quokka (D:6)
  11 bats
  2 giant newts
  3 hobgoblin zombies (Ossuary)
  4 kobolds
  6 kobold zombies (Ossuary)
  6 orc zombies (Ossuary)
  A quokka zombie (D:5)
  5 rats
116 creatures vanquished.

Vanquished Creatures (others)
  A lightning spire (D:3)
  A bush (D:3)
2 creatures vanquished.

Grand Total: 118 creatures vanquished

Notes
Turn   | Place    | Note
--------------------------------------------------------------
     0 | D:1      | Scarto the Minotaur Fighter began the quest for the Orb.
     0 | D:1      | Reached XP level 1. HP: 19/19 MP: 0/0
   923 | D:2      | Reached XP level 2. HP: 25/27 MP: 1/1
   991 | D:2      | Reached skill level 4 in Shields
  1066 | D:2      | Found a glowing silver altar of Zin.
  1373 | D:3      | Reached XP level 3. HP: 33/33 MP: 2/2
  1392 | D:3      | Found a shattered altar of Ashenzari.
  1416 | D:3      | Found a snail-covered altar of Cheibriados.
  1567 | D:3      | Reached XP level 4. HP: 22/40 MP: 3/3
  1570 | D:3      | Reached skill level 5 in Shields
  1749 | D:3      | Reached XP level 5. HP: 41/46 MP: 4/4
  2116 | D:3      | Found an oddly glowing altar of Pakellas.
  2117 | D:3      | Noticed a gargoyle
  2354 | D:4      | Found a sand-covered staircase.
  2360 | Ossuary  | Entered an ossuary
  2386 | Ossuary  | Reached skill level 1 in Dodging
  2395 | Ossuary  | Reached skill level 6 in Shields
  2395 | Ossuary  | Reached XP level 6. HP: 53/53 MP: 5/5
  2406 | Ossuary  | Reached skill level 5 in Armour
  2489 | Ossuary  | Reached skill level 5 in Fighting
  2511 | Ossuary  | Reached XP level 7. HP: 55/61 MP: 6/6
  2806 | D:4      | Gained mutation: You are agile. (Dex +2) [potion of mutation]
  2806 | D:4      | Gained mutation: Your body sometimes deteriorates upon taking damage. [potion of mutation]
  2920 | D:4      | Reached skill level 7 in Shields
  2932 | D:4      | Noticed Natasha
  2935 | D:4      | Killed Natasha
  3088 | D:4      | You fall through a shaft!
  3088 | D:5      | Entered Level 5 of the Dungeon
  3091 | D:5      | Found a shattered altar of Ashenzari.
  3099 | D:5      | Reached skill level 5 in Polearms
  3468 | D:5      | Found an opulent altar of Gozag.
  3577 | D:5      | Noticed Pikel
  3604 | D:5      | Killed Pikel
  3604 | D:5      | Reached skill level 8 in Shields
  3604 | D:5      | Reached XP level 8. HP: 15/70 MP: 7/7
  3876 | D:5      | Found a staircase to the Ecumenical Temple.
  4148 | D:5      | Found a stormy altar of Qazlal.
  4148 | D:5      | Found a sparkling altar of Nemelex Xobeh.
  4400 | D:6      | Lost mutation: Your body sometimes deteriorates upon taking damage. [potion of cure mutation]
  4400 | D:6      | Lost mutation: You are agile. (Dex +2) [potion of cure mutation]
  4476 | D:6      | Found Fatac's Food Emporium.
  4520 | D:6      | Gained mutation: You are clumsy. (Dex -2) [potion of mutation]
  4520 | D:6      | Gained mutation: You are very clumsy. (Dex -4) [potion of mutation]
  4520 | D:6      | Lost mutation: You are very clumsy. (Dex -4) [potion of mutation]
  5020 | D:6      | Reached skill level 9 in Shields
  5255 | D:7      | Reached XP level 9. HP: 56/78 MP: 8/8
  5263 | D:7      | Slain by an ogre

Skill      XL: |  1  2  3  4  5  6  7  8 |
---------------+-------------------------+-----
Shields        | 4 5 6 8 9 |  9.3
Armour         | 4 5 6 7 |  7.7
Fighting       | 4 5 6 |  6.7
Polearms       | 3 4 6 |  6.9
Dodging        | 1 2 |  2.2
Stealth        | |  0.1

Action                   |  1- 3 |  4- 6 |  7- 9 || total
-------------------------+-------+-------+-------++-------
Melee: Trident           |   102 |   153 |   217 ||   472
       Headbutt          |     6 |    33 |    42 ||    81
  Use: Potion            |     1 |       |    11 ||    12
       Scroll            |       |    13 |     2 ||    15
  Eat: Bread ration      |     1 |       |     2 ||     3
       Chunk             |       |       |     6 ||     6
       Fruit             |       |       |     1 ||     1
Armor: Plate armour      |    59 |    67 |   111 ||   237
Dodge: Dodged            |    15 |    18 |    48 ||    81
Block: Shield            |    45 |    75 |   122 ||   242
